 Seeded DCSS version 0.31-a0-843-g427724c (webtiles) character file.

Game seed: 1171511467708235730 (custom seed)

127 Ayyar the Ducker (level 5, -3/32 HPs)
             Began as a Kobold Gladiator on Sept 27, 2023.
             Killed by divine providence
             ... invoked by an orc priest
              (10 damage)
             ... on level 4 of the Dungeon.
             The game lasted 00:12:36 (3044 turns).

Ayyar the Ducker (Kobold Gladiator)                 Turns: 3044, Time: 00:12:37

Health: -3/32      AC:  2    Str: 12    XL:     5   Next: 33%
Magic:  5/5        EV: 16    Int:  9    God:
Gold:   222        SH:  0    Dex: 18    Spells: 4/4 levels left

rFire   . . .        f - +0 short sword
rCold   . . .        (no shield)
rNeg    . . .        (no body armour)
rPois   .            c - +0 helmet
rElec   .            (no cloak)
rCorr   .            l - +0 pair of gloves
SInv    .            (no boots)
Will    .....        (no amulet)
Stlth   +++          (no ring)
HPRegen 0.25/turn    (no ring)
MPRegen 0.09/turn

%: no passive effects
@: no status effects
A: small, no large weapons, nightstalker 3
a: no special abilities


You were on level 4 of the Dungeon.
You visited 1 branch of the dungeon, and saw 4 of its levels.

You collected 222 gold pieces.

Inventory:

Hand Weapons
 f - a +0 short sword (weapon)
Missiles
 d - 3 throwing nets
 e - 5 boomerangs
 j - 5 poisoned darts (quivered)
Armour
 b - a +0 leather armour
 c - a +0 helmet (worn)
 l - a +0 pair of gloves (worn)
 r - the +1 robe "Wikaiwan" {rElec rF- rC+ Stlth+}
   (You found it on level 3 of the Dungeon)

   rF-:       It makes you vulnerable to fire.
   rC+:       It protects you from cold.
   rElec:     It insulates you from electricity.
   Stlth+:    It makes you more stealthy.
 s - the +5 ring mail "Len Kixt" {*Slow rElec Dex+3}
   (You found it on level 4 of the Dungeon)

   Dex+3:     It affects your dexterity (+3).
   rElec:     It insulates you from electricity.
   *Slow:     It may slow you when you take damage.
Jewellery
 p - an amulet of guardian spirit
 t - a +6 ring of dexterity
Talismans
 o - a serpent talisman
Scrolls
 a - 4 scrolls of identify {unknown}
 g - 4 scrolls of teleportation
 m - 2 scrolls of enchant armour {unknown}
 q - a scroll of amnesia {unknown}
Potions
 h - 2 potions of ambrosia {unknown}
 i - a potion of haste {unknown}
 k - 2 potions of attraction {unknown}
 n - 2 potions of curing {unknown}


   Skills:
 + Level 3.1 Fighting
 + Level 2.3(3.5) Short Blades
 - Level 2.4(2.6) Long Blades
 + Level 3.1 Throwing
 + Level 4.3 Dodging
 + Level 2.6 Stealth
 * Level 0.6 Shapeshifting


You had 4 spell levels left.
You didn't know any spells.
Your spell library contained the following spells:

 Spells                   Type           Power      Damage    Failure   Level
 Blink                    Tloc           0%         N/A       52%         2
 Ensorcelled Hibernation  Hex/Ice        0%         N/A       52%         2
 Passwall                 Tmut/Erth      0%         N/A       52%         2
 Dazzling Flash           Conj/Hex       0%         N/A       77%         3
 Stone Arrow              Conj/Erth      0%         3d7       77%         3
 Swiftness                Air            0%         N/A       77%         3
 Animate Armour           Summ/Erth      0%         N/A       99%         4
 Manifold Assault         Tloc           0%         N/A       99%         4
 Agony                    Necr           0%         N/A       100%        5
 Silence                  Hex/Air        0%         N/A       100%        5
 Lehudib's Crystal Spear  Conj/Erth      0%         10d2      100%        8


Dungeon Overview and Level Annotations

Branches:
Dungeon (4/15)
 Temple: D:4-7

Altars:
Ru
Sif Muna

Shops:
D:3 =


Innate Abilities, Weirdness & Mutations

You are small and have problems with some larger weapons.
You are completely attuned to the shadows.


Message History

You closely miss the orc. The orc closely misses you.
The orc priest looks satisfied for a moment.
The orc barely misses you.
You hit the orc.
The orc is moderately wounded.
The orc misses you.
You hit the orc.
The orc is severely wounded.
The orc completely misses you.
You barely miss the orc.
The orc is severely wounded.
You hit the orc.
You kill the orc!
You closely miss the orc priest.
The orc priest mumbles some strange prayers to Beogh against you.
Pain shoots through your body!
The orc shouts!
You hit the orc priest.
The orc priest is moderately wounded.
You hit the orc priest.
The orc priest is heavily wounded.
The orc priest closely misses you.
You closely miss the orc priest.
The orc priest is heavily wounded.
The orc priest mumbles some strange prayers to Beogh against you.
Beogh smites you!
You hit the orc priest.
The orc priest is heavily wounded.
The orc hits you with a +0 whip.
* * * LOW HITPOINT WARNING * * *
The orc priest barely misses you.
You hit the orc priest.
The orc priest is severely wounded.
The orc priest misses you.
You hit the orc priest.
The orc priest is almost dead.
The orc closely misses you.
The orc priest invokes the aid of Beogh against you.
Beogh smites you!
You die...

........## ...#
##.......###..#
#.>.##....#..##
##..####......#
#.. ###....#
###..###
##...####
##oo....
#@o.... #..###.
#..# #..#
#..### #....###
##......####
#..........#.
#............


You could see an orc priest and 2 orcs.

Vanquished Creatures
  Terence (D:2)
  3 adders
  2 dart slugs
  10 orcs
  7 ball pythons
  9 endoplasms
  A giant cockroach (D:2)
  3 goblins
  7 hobgoblins
  4 kobolds
  2 quokkas (D:2)
  3 bats
  3 rats
55 creatures vanquished.

Notes
Turn   | Place    | Note
-------+----------+-------------------------------------------
     0 | D:1      | Ayyar the Kobold Gladiator began the quest for the Orb.
     0 | D:1      | Reached XP level 1. HP: 12/12 MP: 1/1
   309 | D:1      | Reached XP level 2. HP: 18/18 MP: 2/2
   402 | D:1      | Reached skill level 1 in Stealth
   548 | D:1      | Reached skill level 1 in Short Blades
  1149 | D:2      | Reached XP level 3. HP: 22/22 MP: 3/3
  1164 | D:2      | Reached skill level 4 in Dodging
  1335 | D:2      | Reached XP level 4. HP: 27/27 MP: 4/4
  1456 | D:2      | Noticed Terence
  1464 | D:2      | Killed Terence
  1869 | D:3      | Identified the +1 robe "Wikaiwan" {rElec rF- rC+ Stlth+}
  1873 | D:3      | Found a sacrificial altar of Ru.
  1948 | D:3      | Found Jozoekh's Jewellery Shoppe.
  1987 | D:3      | Reached XP level 5. HP: 32/32 MP: 5/5
  2780 | D:3      | Found a shimmering blue altar of Sif Muna.
  2879 | D:4      | Identified the +5 ring mail "Len Kixt" {*Slow rElec Dex+3}
  3044 | D:4      | Killed from afar by an orc priest

Illustrated notes

Levels and vault maps discovered:
D:1:      minmay_arrival_jagged, layout_basic
D:2:      layout_rooms, uniq_terence
D:3:      layout_basic, lemuel_doored_altar, mainiacjoe_overflow_alcove_2,
          serial_shops, shop
D:4:      layout_cave_pods

Skill      XL: |  1  2  3  4 |
---------------+-------------+-----
Stealth        | 1 2 |  2.6
Short Blades   | 1 2 |  2.3
Dodging        | 4 |  4.3
Fighting       | 3 |  3.1
Throwing       | 3 |  3.1
Long Blades    | |  2.4
Shapeshifting  | |  0.6

Action                     |  1- 3 |  4- 6 || total
---------------------------+-------+-------++-------
  Melee: Short sword       |    66 |   121 ||   187
         Long sword        |     2 |       ||     2
         Punch             |       |     1 ||     1
  Throw: Dart              |     6 |    10 ||    16
    Use: Scroll            |       |     1 ||     1
   Stab: Sleeping          |    14 |     9 ||    23
 Armour: Leather armour    |    13 |    20 ||    33
         Skin              |       |     8 ||     8
  Dodge: Dodged            |    42 |    86 ||   128

Table legend: (Time is in decaauts)
 A = Elapsed time spent in this place.
 B = Non-inter-level travel time spent in this place.
 C = Inter-level travel time spent in this place.
 D = Time resting spent in this place.
 E = Time spent auto-exploring this place.
 F = Levels seen in this place.
 G = Mean time per level.
                   A        B        C        D        E       F      G
               +--------+--------+--------+--------+--------+-----+--------+
         Total |   3012 |   2878 |    134 |    271 |   2048 |   4 |  753.0 |
       Dungeon |   3012 |   2878 |    134 |    271 |   2048 |   4 |  753.0 |
               +--------+--------+--------+--------+--------+-----+--------+

Top non-repeatable levels by time:
     D:1: 1135 daAuts
     D:3: 896 daAuts
     D:2: 646 daAuts
     D:4: 334 daAuts
